 Dungeon Crawl Stone Soup version 0.26.1-11-gd32895ea62 (webtiles) character file.

Game seed: 1076060843447030644

11688 nothank2 the Destroyer (level 11, -2/74 HPs)
             Began as a Red Draconian Conjurer on July 13, 2021.
             Was an Elder of Sif Muna.
             Slain by a black mamba (14 damage)
             ... on level 2 of the Lair of Beasts.
             The game lasted 00:45:18 (13540 turns).

nothank2 the Destroyer (Red Draconian Conjurer)    Turns: 13540, Time: 00:45:19

Health: -2/74      AC: 10    Str:  9    XL:     11   Next: 52%
Magic:  18/22      EV: 12    Int: 23    God:    Sif Muna [****..]
Gold:   187        SH:  0    Dex:  9    Spells: 5/25 levels left

rFire    + . .     SeeInvis .   A - staff of conjuration
rCold    . . .     Faith    .   (no shield)
rNeg     + . .     Spirit   .   (armour unavailable)
rPois    +         Reflect  .   (helmet restricted)
rElec    .         Harm     .   y - +2 cloak
rCorr    .         Rampage  .   (no gloves)
Will     .....                  (no boots)
Stlth    ++........             t - amulet of inaccuracy (curse)
HPRegen  0.22/turn              D - ring of poison resistance
MPRegen  0.18/turn              x - ring of positive energy

@: no status effects
A: breathe fire, unfitting armour, fire resistance 1, cold-blooded, AC +7
a: Breathe Fire, Renounce Religion, Channel Magic, Forget Spell, Divine Exegesis


You were on level 2 of the Lair of Beasts.
You worshipped Sif Muna.
Sif Muna was greatly pleased with you.
You visited 2 branches of the dungeon, and saw 11 of its levels.

You collected 572 gold pieces.
You spent 385 gold pieces at shops.

Inventory:

Hand Weapons
 c - a +0 spear
 g - a +3 mace of freezing
 i - a +2 dagger of venom
 w - a +2 spear of freezing
Armour
 f - a scarf of resistance
 p - a +0 pair of boots
 y - a +2 cloak (worn)
 L - a +2 cloak of poison resistance
Magical Staves
 A - an uncursed staff of conjuration (weapon)
 M - an uncursed staff of poison {unknown}
Jewellery
 b - an uncursed ring of magical power
 s - a +6 ring of strength
 t - a cursed amulet of inaccuracy (around neck)
 x - a ring of positive energy (right hand)
 D - a ring of poison resistance (left hand)
 E - an uncursed amulet of guardian spirit
Wands
 B - a wand of paralysis (4)
 C - a wand of random effects (20)
 G - a wand of iceblast (6)
 J - a wand of acid (15)
 N - a wand of disintegration (11)
Scrolls
 a - 4 scrolls of fog
 d - 2 scrolls of teleportation
 j - a scroll of blinking
 k - 5 scrolls of identify
 m - 2 scrolls of magic mapping
 n - 2 scrolls of amnesia
 u - 2 scrolls of remove curse
 I - a scroll of immolation
Potions
 e - 2 potions of curing
 h - a potion of magic {unknown}
 l - 2 potions of mutation {unknown}
 o - 3 potions of haste
 q - 3 potions of lignification {unknown}
 r - 2 potions of flight {unknown}
 v - a potion of resistance {unknown}
 z - 3 potions of degeneration {unknown}
 F - a potion of might {unknown}
 H - 2 potions of heal wounds
 K - a potion of brilliance {unknown}


   Skills:
 - Level 1.7 Dodging
 - Level 1.7 Stealth
 + Level 7.9 Spellcasting
 * Level 12.3 Conjurations
 - Level 5.2 Hexes
 - Level 5.2 Translocations
 + Level 4.4 Transmutations
 + Level 4.4 Earth Magic
 + Level 5.3 Invocations


You had 5 spell levels left.
You knew the following spells:

 Your Spells              Type           Power        Failure   Level
a - Magic Dart            Conj           100%         1%          1
b - Searing Ray           Conj           100%         1%          2
c - Fulminant Prism       Conj/Hex       32%          1%          4
d - Iskenderun's Mystic   Conj/Tloc      65%          1%          4
e - Petrify               Tmut/Erth      29%          12%         4
f - Lee's Rapid Deconstr  Erth           14%          32%         5

Your spell library contained the following spells:

 Spells                   Type           Power        Failure   Level
 Beastly Appendage        Tmut           58%          1%          1
 Corona                   Hex            36%          1%          1
 Sandblast                Erth           58%          1%          1
 Passwall                 Tmut/Erth      24%          1%          2
 Wereblood                Tmut           29%          1%          2
 Dazzling Flash           Conj/Hex       100%         1%          3
 Stone Arrow              Conj/Erth      100%         1%          3
 Confusing Touch          Hex            33%          2%          3
 Tukima's Dance           Hex            33%          2%          3
 Ensorcelled Hibernation  Hex/Ice        42%          3%          2
 Spider Form              Tmut/Pois      9%           9%          3
 Ice Form                 Ice/Tmut       19%          28%         4
 Blade Hands              Tmut           14%          32%         5


Dungeon Overview and Level Annotations

Branches:
Dungeon (9/15)             Temple (0/1) D:6            Lair (2/6) D:8
  Swamp: Lair:2-4    Shoals: Lair:2-4     Snake: Lair:2-4    Spider: Lair:2-4
    Orc: D:9-12

Altars:
Fedhas
Nemelex Xobeh
Sif Muna

Shops:
D:6 :   D:7 }

Annotations:
D:4 3 runed translucent doors, Rallik's ghost, novice GrFi


Innate Abilities, Weirdness & Mutations

You can breathe blasts of fire.
Your fiery red scales are hard. (AC +7)
You cannot fit into any form of body armour.
Your flesh is heat resistant. (rF+)
You are cold-blooded and may be slowed by cold attacks.


Message History

A black mamba comes into view.
The black mamba hisses angrily.
Casting: Searing Ray (safe; 1% risk of failure)
Confirm with . or Enter, or press ? or * to list all spells.
Aiming: Searing Ray (safe; 1% risk of failure)
Press: ? - help, Shift-Dir - straight line, f - black mamba
Aim: a black mamba (40% to evade)
You feel a surge of power!
The searing ray misses the black mamba. (Press . to maintain the ray.)
The black mamba bites you!
The searing ray hits the black mamba!
The black mamba is moderately wounded.
The black mamba bites you!
* * * LOW HITPOINT WARNING * * *
The black mamba bites you!
* * * LOW HITPOINT WARNING * * *
The searing ray hits the black mamba!
The black mamba is heavily wounded.
The black mamba barely misses you. The black mamba bites you!
You die...

....†.>..### ##......#
.†##.....## #......#
.##.......# ###.....#
........### #.......#
.........## ##....P###
#......##.### ###......#
.####.......#######...#....#
# #..#PP....#...#...#.#.##
#######.#..S@#.....##.##
####.........P...#
#####.........# #....####.##
#.#### #.# ### ###


You could see a black mamba.

Vanquished Creatures
  A hydra (Lair:2)
  Nergalle (Lair:1)
  Pikel (D:5)
  Joseph (D:7)
  3 black mambas (Lair:2)
  Maggie (Lair:1)
  6 cane toads
  Prince Ribbit (D:5)
  12 yaks
  A wyvern (Lair:1)
  A basilisk (Lair:1)
  3 wargs (D:8)
  8 water moccasins
  2 ice beasts
  2 phantoms (D:7)
  2 ogres
  5 wolves (Lair:1)
  8 centaurs
  2 lemures (D:5)
  6 bullfrogs
  3 scorpions
  4 killer bees (D:9)
  2 quasits
  2 centaur skeletons
  A hound (D:8)
  A jelly (D:5)
  2 orc priests (D:8)
  Crazy Yiuf (D:7)
  2 bullfrog skeletons
  7 orc wizards
  Ijyb (D:5)
  An iguana (D:4)
  6 worker ants
  2 hound skeletons (D:7)
  A hound zombie (D:5)
  A worker ant zombie (D:5)
  A howler monkey skeleton (D:5)
  16 adders
  4 gnolls (D:7)
  A shadow imp (D:9)
  3 white imps
  An ooze (D:2)
  An adder zombie (D:7)
  2 adder skeletons
  3 worms
  2 dart slugs (D:1)
  5 leopard geckos
  22 orcs
  2 ball pythons
  7 bats
  4 giant cockroaches
  10 goblins
  6 hobgoblins
  7 jackals (D:7)
  3 quokkas
  3 frilled lizards
  A jackal skeleton (D:9)
  6 kobolds
  A quokka skeleton (D:4)
  10 rats
225 creatures vanquished.

Vanquished Creatures (others)
  12 fulminant prisms
  8 fungi
  30 plants
50 creatures vanquished.

Grand Total: 275 creatures vanquished

Notes
Turn   | Place    | Note
-------+----------+-------------------------------------------
     0 | D:1      | nothank2 the Draconian Conjurer began the quest for the
                  | Orb.
     0 | D:1      | Reached XP level 1. HP: 14/14 MP: 3/3
   427 | D:1      | Reached XP level 2. HP: 20/20 MP: 0/5
  1021 | D:1      | Learned a level 2 spell: Searing Ray
  1232 | D:2      | Reached XP level 3. HP: 26/26 MP: 3/6
  1459 | D:2      | Reached skill level 5 in Conjurations
  1654 | D:2      | Found a shimmering blue altar of Sif Muna.
  1657 | D:2      | Became a worshipper of Sif Muna the Loreminder
  1672 | D:2      | Reached XP level 4. HP: 33/33 MP: 5/8
  1677 | D:2      | Learned a level 4 spell: Fulminant Prism
  2014 | D:2      | Found a sparkling altar of Nemelex Xobeh.
  2230 | D:2      | Noticed a water moccasin
  2236 | D:2      | Killed a water moccasin
  2237 | D:2      | Reached XP level 5. HP: 35/38 MP: 1/10
  2570 | D:3      | Reached skill level 6 in Conjurations
  3232 | D:3      | Reached * piety under Sif Muna
  3233 | D:3      | Reached XP level 6. HP: 45/45 MP: 8/11
  3404 | D:3      | Reached skill level 1 in Hexes
  4095 | D:4      | Learned a level 4 spell: Iskenderun's Mystic Blast
  4102 | D:4      | Reached skill level 7 in Conjurations
  4102 | D:4      | Your scales start taking on a fiery red colour.
  4102 | D:4      | Reached XP level 7. HP: 50/50 MP: 6/13
  4102 | D:4      | Gained mutation: Your flesh is heat resistant. (rF+) [Red
                  | Draconian growth]
  4235 | D:4      | Found a runed translucent gate.
  4235 | D:4      | Found a runed translucent gate.
  4235 | D:4      | Found a runed translucent gate.
  4236 | D:4      | Noticed Rallik's ghost (novice GrFi)
  4375 | D:5      | Entered Level 5 of the Dungeon
  4379 | D:5      | Reached skill level 1 in Translocations
  4680 | D:5      | Noticed Ijyb
  4681 | D:5      | Paralysed by Ijyb for 5 turns
  4689 | D:5      | Killed Ijyb
  4987 | D:5      | Reached XP level 8. HP: 57/57 MP: 8/15
  5122 | D:5      | Reached ** piety under Sif Muna
  5172 | D:5      | Reached skill level 8 in Conjurations
  5378 | D:5      | Noticed Pikel
  5386 | D:5      | Killed Pikel
  5387 | D:5      | Reached skill level 5 in Spellcasting
  5822 | D:5      | Noticed Prince Ribbit
  5828 | D:5      | Killed Prince Ribbit
  5829 | D:5      | Reached skill level 9 in Conjurations
  6077 | D:6      | Found a staircase to the Ecumenical Temple.
  6115 | D:6      | Found Banoz's Book Boutique.
  6154 | D:6      | Reached XP level 9. HP: 62/62 MP: 12/17
  6341 | D:6      | Found a blossoming altar of Fedhas.
  6522 | D:7      | Found Ziapneim's Gadget Emporium.
  7064 | D:7      | Noticed Joseph
  7535 | D:7      | Killed Joseph
  8242 | D:7      | Found a runed translucent door.
  8243 | D:7      | Noticed Crazy Yiuf
  8262 | D:7      | Killed Crazy Yiuf
  8623 | D:8      | Reached skill level 10 in Conjurations
  8720 | D:8      | Reached skill level 5 in Hexes
  8720 | D:8      | Reached skill level 5 in Translocations
  8721 | D:8      | Reached *** piety under Sif Muna
  9009 | D:8      | Found a staircase to the Lair.
  9189 | D:8      | Reached skill level 1 in Invocations
  9343 | D:8      | Reached XP level 10. HP: 69/69 MP: 14/19
 10150 | D:9      | Noticed a boulder beetle
 10514 | D:6      | Bought a book of Geomancy for 385 gold pieces
 10519 | D:6      | Learned a level 4 spell: Petrify
 10525 | D:6      | Learned a level 5 spell: Lee's Rapid Deconstruction
 10681 | Lair:1   | Entered Level 1 of the Lair of Beasts
 10789 | Lair:1   | Reached skill level 1 in Transmutations
 10789 | Lair:1   | Reached skill level 1 in Earth Magic
 10852 | Lair:1   | Reached skill level 11 in Conjurations
 10984 | Lair:1   | Noticed a cane toad
 10990 | Lair:1   | Killed a cane toad
 11415 | Lair:1   | Noticed a cane toad
 11427 | Lair:1   | Killed a cane toad
 11775 | Lair:1   | Noticed Nergalle
 11799 | Lair:1   | Killed Nergalle
 12057 | Lair:1   | Noticed a cane toad
 12064 | Lair:1   | Killed a cane toad
 12065 | Lair:1   | Reached XP level 11. HP: 74/74 MP: 14/22
 12126 | Lair:1   | Noticed Maggie
 12139 | Lair:1   | Killed Maggie
 12913 | Lair:2   | Noticed a four-headed hydra
 12931 | Lair:2   | Killed a four-headed hydra
 12932 | Lair:2   | Reached skill level 12 in Conjurations
 13045 | Lair:2   | Reached **** piety under Sif Muna
 13052 | Lair:2   | Reached skill level 5 in Invocations
 13540 | Lair:2   | Slain by a black mamba

Illustrated notes

Levels and vault maps discovered:
D:1:      dpeg_arrival_windows_large_door, layout_basic
D:2:      layout_loops_cross, lemuel_crystal_altar, nemelex_dance_club_becter
D:3:      layout_basic, fountainhead, grunt_ministairs_3
D:4:      minmay_evil_eye, layout_basic, ebering_ghost_rock_garden,
          kennysheep_generic_room_2
D:5:      layout_loops_ring, uniq_pikel, uniq_prince_ribbit1, uniq_ijyb
D:6:      layout_basic, minmay_temple_entry_arrows, serial_shops, shop,
          fedhas_altar_1
D:7:      layout_loops_cross, serial_shops, nicolae_shop_trees,
          grunt_ministairs_15, uniq_crazy_yiuf_cottage, uniq_joseph
D:8:      layout_loops_ring, erik_lair_orcish_takeover
D:9:      layout_basic, orc_0_dummy, minivault_27
Lair:1:   layout_roguey, serial_forest, infiniplex_forest_clump_curved,
          infiniplex_forest_zigzag_1, infiniplex_forest_clump_tiny,
          infiniplex_forest_clump_long, infiniplex_forest_end_1,
          infiniplex_forest_straight_3, infiniplex_forest_lined_room_,
          infiniplex_forest_lined_room_3, uniq_nergalle, uniq_maggie
Lair:2:   layout_misc_corridors, minmay_snake_entry_six_corridors,
          serial_bayou_shore_b, infiniplex_staircase_pool_2

Skill      XL: |  1  2  3  4  5  6  7  8  9 10 11 |
---------------+----------------------------------+-----
Conjurations   | 5 6 7 9 10 11 12 | 12.3
Spellcasting   | 3 4 5 6 7 |  7.9
Hexes          | 2 3 4 5 |  5.2
Translocations | 2 3 5 |  5.2
Invocations    | 1 4 5 |  5.3
Transmutations | 3 4 |  4.4
Earth Magic    | 3 4 |  4.4
Dodging        | |  1.7
Stealth        | |  1.7

Action                   |  1- 3 |  4- 6 |  7- 9 | 10-12 || total
-------------------------+-------+-------+-------+-------++-------
Melee: Spear             |    20 |       |       |     9 ||    29
       Dagger            |     7 |     4 |       |       ||    11
       Tailslap          |     1 |       |     3 |     2 ||     6
       Staff             |       |       |     7 |       ||     7
       Mace              |       |       |    12 |       ||    12
 Cast: Magic Dart        |    67 |    96 |   133 |    40 ||   336
       Searing Ray       |       |     8 |    42 |    57 ||   107
       Fulminant Prism   |       |     1 |     3 |     8 ||    12
       Iskenderun's Myst |       |       |     1 |     3 ||     4
Invok: Channel Magic     |       |       |       |     2 ||     2
 Abil: Breathe Fire      |       |       |     1 |       ||     1
  Use: Scroll            |       |       |     9 |     5 ||    14
       Potion            |       |       |       |     1 ||     1
Armor: Skin              |    10 |     5 |    22 |    44 ||    81
Dodge: Dodged            |    21 |    25 |    44 |    81 ||   171
